 Dungeon Crawl Stone Soup version 0.30-a0-1016-gfb0d676c02 (webtiles) character file.

Game seed: 9641177547628274377

687 NinjaNoafa the Gusty (level 7, -4/57 HPs)
             Began as a Gnoll Wanderer on Apr 6, 2023.
             Was an Initiate of Ashenzari.
             Slain by a phantom (5 damage)
             ... on level 6 of the Dungeon.
             The game lasted 00:08:02 (4141 turns).

NinjaNoafa the Gusty (Gnoll Wanderer)               Turns: 4141, Time: 00:08:03

Health: -4/57      AC:  4    Str:  7    XL:     7   Next: 62%
Magic:  9/13       EV: 14    Int: 13    God:    Ashenzari [......]
Gold:   247        SH:  0    Dex: 22    Spells: 10/14 levels left

rFire   . . .      SeeInvis .    a - +6 short sword
rCold   . . .      Faith    .    (no shield)
rNeg    . . .      Spirit   .    c - +0 robe
rPois   .          Reflect  .    (no helmet)
rElec   .          Rampage  .    (no cloak)
rCorr   .                        l - +0 pair of gloves
Will    .....                    d - +0 pair of boots of Supernal Wisdom {Self, Evo} (curse)
Stlth   +++                      (no amulet)
HPRegen 0.29/turn                f - ring of flight
MPRegen 0.13/turn                j - +6 ring of dexterity

@: mighty, flying
A: fangs 1, strong nose, distributed training
a: Renounce Religion, Shatter the Chains


You were on level 6 of the Dungeon.
You worshipped Ashenzari.
Ashenzari was noncommittal.
You visited 2 branches of the dungeon, and saw 7 of its levels.

You collected 247 gold pieces.

Inventory:

Hand Weapons
 a - a +6 short sword (weapon)
Missiles
 e - 5 poisoned darts
 n - 2 throwing nets
Armour
 c - a +0 robe (worn)
 d - the cursed +0 pair of boots of Supernal Wisdom (worn) {Self, Evo}
   (You found it on level 3 of the Dungeon)

   It has a curse which improves the following skills: Introspection: Fighting
   and Spellcasting.
   Evocations: Evocations.
 l - a +0 pair of gloves (worn)
 m - the +5 scale mail of Riuzuts Ugoi {Stlth+}
   (You found it on level 3 of the Dungeon)

   Stlth:     It makes you more stealthy.
Magical Staves
 o - a staff of cold
Jewellery
 f - a ring of flight (left hand)
 j - a +6 ring of dexterity (right hand)
Scrolls
 g - a scroll of fog
 q - a scroll of amnesia
 r - 2 scrolls of immolation
Potions
 b - a potion of mutation
 i - a potion of magic
 p - a potion of haste
 s - a potion of flight


   Skills:
 + Level 5.3(5.7) Fighting
 + Level 5.3 Short Blades
 + Level 2.7 Long Blades
 + Level 2.7 Axes
 + Level 2.7 Maces & Flails
 + Level 2.7 Polearms
 + Level 2.7 Staves
 + Level 2.7 Ranged Weapons
 + Level 2.7 Throwing
 + Level 3.8 Armour
 + Level 3.8 Dodging
 + Level 2.7 Stealth
 + Level 2.7 Shields
 + Level 2.7 Unarmed Combat
 + Level 4.0(4.3) Spellcasting
 + Level 2.2 Conjurations
 + Level 2.2 Hexes
 + Level 2.2 Summonings
 + Level 2.2 Necromancy
 + Level 2.2 Translocations
 + Level 2.2 Transmutations
 + Level 2.2 Fire Magic
 + Level 2.2 Ice Magic
 + Level 5.9 Air Magic
 + Level 2.2 Earth Magic
 + Level 2.2 Poison Magic
 + Level 3.0 Invocations
 + Level 2.7(3.1) Evocations


You had 10 spell levels left.
You knew the following spells:

 Your Spells              Type           Power      Damage    Failure   Level
a - Poisonous Vapours     Pois/Air       26%        N/A       5%          2
b - Cigotuvi's Dreadful   Necr/Pois/Air  22%        N/A       8%          2

Your spell library contained the following spells:

 Spells                   Type           Power      Damage    Failure   Level
 Iskenderun's Battlesphe  Conj           8%         2d6       92%         5
 Iron Shot                Conj/Erth      4%         9d2       100%        6
 Spellforged Servitor     Conj/Summ      4%         N/A       100%        7


Dungeon Overview and Level Annotations

Branches:
Dungeon (6/15)             Temple (1/1) D:4

Altars:
Ashenzari
Cheibriados
Dithmenos
Elyvilon
Fedhas
Gozag
Hepliaklqana
Okawaru
Qazlal
Ru
Sif Muna
Uskayaw
Vehumet
Wu Jian
Yredelemnul
Zin
The Shining One

Shops:
D:1 ((

Annotations:
D:5 gelatine's ghost, amateur MiFi


Innate Abilities, Weirdness & Mutations

You have very sharp teeth.
Your uncanny sense of smell can sniff out nearby items.
Your experience applies equally to all skills.


Message History

The phantom blinks!
You blink.
The white imp misses you.
Unknown command.
You hit the phantom. You bite the phantom, but do no damage.
The phantom is moderately damaged.
The white imp misses you. The phantom hits you.
* * * LOW HITPOINT WARNING * * *
The phantom blinks!
You blink.
Unknown command.
You closely miss the phantom. You bite the phantom, but do no damage.
The phantom is moderately damaged.
The phantom hits you.
* * * LOW HITPOINT WARNING * * *
Unknown command.
You hit the phantom but do no damage.
The phantom is moderately damaged.
You hit the phantom. You bite the phantom, but do no damage.
The phantom is moderately damaged.
The phantom closely misses you.
You hit the phantom.
The phantom is heavily damaged.
The white imp summons a swarm of flies.
The phantom hits you.
* * * LOW HITPOINT WARNING * * *
As you read the scroll of enchant weapon, it crumbles to dust.
Your +4 short sword glows red for a moment.
The phantom barely misses you.
As you read the scroll of enchant weapon, it crumbles to dust.
Your +5 short sword glows red for a moment.
The phantom hits you.
* * * LOW HITPOINT WARNING * * *
The phantom blinks!
You blink.
It was a potion of flight.
You feel more buoyant. The phantom hits you.
* * * LOW HITPOINT WARNING * * *
The phantom blinks!
You blink.
It was a potion of might.
You feel very mighty all of a sudden. The phantom hits you.
You die...

.............#.#
....#........#.#
......#.§§####.#
....#.##.### #.#
....#......# #.#
# ..
#...!..###.##.#
#.....5§......#
##.....###†####
#W@....# #§#
#.###### #§# #.
#.# #. #.# #.
#.# #. #.# #.
#.# .. #.. #.#


You could see a phantom and a white imp.

Vanquished Creatures
  An ogre (D:4)
  A bullfrog (D:6)
  A scorpion (D:6)
  A howler monkey (D:5)
  3 hounds
  2 iguanas
  2 sleepcaps
  Natasha (D:2)
  2 orc wizards (D:5)
  10 adders
  A white imp (D:3)
  2 dart slugs
  5 orcs
  7 ball pythons
  7 endoplasms
  2 giant cockroaches
  7 goblins
  4 hobgoblins
  3 jackals (D:5)
  3 quokkas
  6 bats
  A frilled lizard (D:3)
  4 kobolds
  2 rats
78 creatures vanquished.

Vanquished Creatures (others)
  A fungus (D:2)
  A plant (D:2)
2 creatures vanquished.

Grand Total: 80 creatures vanquished

Notes
Turn   | Place    | Note
-------+----------+-------------------------------------------
     0 | D:1      | NinjaNoafa the Gnoll Wanderer began the quest for the Orb.
     0 | D:1      | NinjaNoafa set off with the following items: a +3 short
                  | sword, a scroll of teleportation, a +0 robe; and the
                  | following spells available to memorise: Poisonous Vapours,
                  | Cigotuvi's Dreadful Rot.
     0 | D:1      | Reached XP level 1. HP: 20/20 MP: 4/4
    96 | D:1      | Found Fialel's Antique Weapon Shoppe.
   267 | D:1      | Reached XP level 2. HP: 26/26 MP: 5/5
   323 | D:1      | Found Dacoofe's Weapon Shoppe.
   639 | D:2      | Found a faded altar of an unknown god.
   710 | D:2      | Reached XP level 3. HP: 23/31 MP: 7/7
   713 | D:2      | Learned a level 2 spell: Poisonous Vapours
   720 | D:2      | Reached skill level 1 in Invocations
   782 | D:2      | Reached skill level 1 in Long Blades
   782 | D:2      | Reached skill level 1 in Axes
   782 | D:2      | Reached skill level 1 in Maces & Flails
   782 | D:2      | Reached skill level 1 in Polearms
   782 | D:2      | Reached skill level 1 in Staves
   782 | D:2      | Reached skill level 1 in Ranged Weapons
   782 | D:2      | Reached skill level 1 in Throwing
   782 | D:2      | Reached skill level 1 in Stealth
   782 | D:2      | Reached skill level 1 in Shields
   782 | D:2      | Reached skill level 1 in Unarmed Combat
   782 | D:2      | Reached skill level 1 in Evocations
   906 | D:2      | Reached XP level 4. HP: 35/38 MP: 3/8
  1095 | D:2      | Noticed Natasha
  1238 | D:2      | Reached skill level 1 in Conjurations
  1238 | D:2      | Reached skill level 1 in Hexes
  1238 | D:2      | Reached skill level 1 in Summonings
  1238 | D:2      | Reached skill level 1 in Necromancy
  1238 | D:2      | Reached skill level 1 in Translocations
  1238 | D:2      | Reached skill level 1 in Transmutations
  1238 | D:2      | Reached skill level 1 in Fire Magic
  1238 | D:2      | Reached skill level 1 in Ice Magic
  1238 | D:2      | Reached skill level 1 in Earth Magic
  1238 | D:2      | Reached skill level 1 in Poison Magic
  1249 | D:2      | Killed Natasha
  1524 | D:3      | Reached XP level 5. HP: 32/43 MP: 7/9
  1534 | D:3      | Identified the +5 scale mail of Riuzuts Ugoi {Stlth+}
  1991 | D:3      | Found a blossoming altar of Fedhas.
  2209 | D:4      | Found a runed translucent gate.
  2209 | D:4      | Found a runed translucent gate.
  2209 | D:4      | Found a runed translucent gate.
  2212 | D:4      | Noticed gelatine's ghost (amateur MiFi)
  2227 | D:4      | Identified the +3 mace "Wukhlef" {drain, Fly rF+ Will+}
  2294 | D:4      | Learned a level 2 spell: Cigotuvi's Dreadful Rot
  2354 | D:4      | Reached XP level 6. HP: 50/50 MP: 2/11
  2585 | D:4      | Found a staircase to the Ecumenical Temple.
  2693 | Temple   | Entered the Ecumenical Temple
  2729 | Temple   | Became a worshipper of Ashenzari the Shackled
  3100 | D:4      | Reached skill level 5 in Fighting
  3100 | D:4      | Reached skill level 5 in Short Blades
  3192 | D:5      | Entered Level 5 of the Dungeon
  3727 | D:5      | Reached XP level 7. HP: 34/56 MP: 3/13
  4140 | D:6      | HP: 1/57 [phantom (4)]
  4141 | D:6      | Slain by a phantom

Illustrated notes

Levels and vault maps discovered:
D:1:      lightli_arrival_quake, layout_basic, serial_shops,
          nicolae_shop_bloodbath_and_beyond, shop
D:2:      layout_basic, shapermc_ecumenical_altar_petra, grunt_ministairs_13,
          uniq_natasha
D:3:      layout_basic, fedhas_altar_2, minmay_misc_feat_pillars,
          minmay_checkerbox
D:4:      layout_cave_pods, minmay_temple_entry_enclosed_plants,
          biasface_ghost_orc_armoury
D:5:      layout_gridville
D:6:      layout_loops_ring, general_overflow_altar,
          cheibrodos_sewer_entry_sluice, chequers_garden, feat_on_display
Temple:   minmay_temple_bridge_d

Skill      XL: |  1  2  3  4  5  6  7 |
---------------+----------------------+-----
Invocations    | 1 2 3 |  3.0
Long Blades    | 1 2 |  2.7
Axes           | 1 2 |  2.7
Maces & Flails | 1 2 |  2.7
Polearms       | 1 2 |  2.7
Staves         | 1 2 |  2.7
Ranged Weapons | 1 2 |  2.7
Throwing       | 1 2 |  2.7
Stealth        | 1 2 |  2.7
Shields        | 1 2 |  2.7
Unarmed Combat | 1 2 |  2.7
Evocations     | 1 2 |  2.7
Spellcasting   | 3 4 |  4.0
Conjurations   | 1 2 |  2.2
Hexes          | 1 2 |  2.2
Summonings     | 1 2 |  2.2
Necromancy     | 1 2 |  2.2
Translocations | 1 2 |  2.2
Transmutations | 1 2 |  2.2
Fire Magic     | 1 2 |  2.2
Ice Magic      | 1 2 |  2.2
Earth Magic    | 1 2 |  2.2
Poison Magic   | 1 2 |  2.2
Armour         | 3 |  3.8
Dodging        | 3 |  3.8
Fighting       | 5 |  5.3
Short Blades   | 5 |  5.3
Air Magic      | |  5.9

Action                     |  1- 3 |  4- 6 |  7- 9 || total
---------------------------+-------+-------+-------++-------
  Melee: Short sword       |    66 |   113 |    44 ||   223
         Bite              |     8 |    12 |     4 ||    24
         Punch             |       |     2 |     2 ||     4
   Cast: Poisonous Vapours |     9 |    63 |     5 ||    77
         Cigotuvi's Dreadf |       |     1 |       ||     1
 Invoke: Curse Item        |       |     1 |       ||     1
    Use: Potion            |       |     5 |     2 ||     7
         Scroll            |       |     5 |     5 ||    10
   Stab: Sleeping          |       |     2 |     2 ||     4
 Armour: Robe              |    17 |    25 |     9 ||    51
  Dodge: Dodged            |    29 |   106 |    26 ||   161

Table legend: (Time is in decaauts)
 A = Elapsed time spent in this place.
 B = Non-inter-level travel time spent in this place.
 C = Inter-level travel time spent in this place.
 D = Time resting spent in this place.
 E = Time spent auto-exploring this place.
 F = Levels seen in this place.
 G = Mean time per level.
                   A        B        C        D        E       F      G
               +--------+--------+--------+--------+--------+-----+--------+
         Total |   4095 |   3821 |    274 |    516 |   2424 |   7 |  585.0 |
       Dungeon |   3939 |   3676 |    263 |    516 |   2295 |   6 |  656.5 |
        Temple |    156 |    145 |     11 |      0 |    129 |   1 |  156.0 |
               +--------+--------+--------+--------+--------+-----+--------+

Top non-repeatable levels by time:
     D:2: 918 daAuts
     D:4: 833 daAuts
     D:5: 786 daAuts
     D:3: 671 daAuts
     D:1: 587 daAuts
  Temple: 156 daAuts
     D:6: 142 daAuts
